 Dungeon Crawl Stone Soup version 0.29-a0-813-g4a14ea37d6 (webtiles) character file.

Game seed: 14794677038908715994

44008 buhh the Spry (level 13, -1/70 (74) HPs)
             Began as a Deep Elf Earth Elementalist on July 5, 2022.
             Was a High Priest of Vehumet.
             Engulfed by a cloud of flame (15 damage)
             ... on level 2 of the Orcish Mines.
             The game lasted 00:47:31 (27095 turns).

buhh the Spry (Deep Elf Earth Elementalist)        Turns: 27095, Time: 00:47:31

HP:   -1/70 (74)    AC: 11    Str:  5    XL:     13   Next: 93%
MP:   35/35         EV: 25    Int: 26    God:    Vehumet [*****.]
Gold: 1644          SH:  5    Dex: 23    Spells: 9/27 levels left

rFire   . . .      SeeInvis +   C - +10 long sword "Jeeshrirgh" {spect, rElec rCorr MP+9 Int+2 SInv}
rCold   . . .      Faith    .   (no shield)
rNeg    . . .      Spirit   .   a - +2 robe
rPois   +          Reflect  +   c - +0 hat {Stlth+}
rElec   +          Harm     .   (no cloak)
rCorr   +          Rampage  .   h - +0 pair of gloves
Will    ++...                   n - +1 pair of boots
Stlth   ++++++....              L - amulet of reflection
HPRegen 0.21/turn               y - ring "Inack" {rElec rPois Will+ rCorr Dex+6}
MPRegen 0.24/turn               j - +4 ring of protection

@: drained
A: no striking features
a: Renounce Religion


You were on level 2 of the Orcish Mines.
You worshipped Vehumet.
Vehumet was extremely pleased with you.
You visited 4 branches of the dungeon, and saw 21 of its levels.
You also visited: Ossuary.

You collected 1644 gold pieces.

Inventory:

Hand Weapons
 C - the +10 long sword "Jeeshrirgh" (weapon) {spect, rElec rCorr MP+9 Int+2 SInv}
   (You took it off a gnoll on level 8 of the Dungeon)

   When its wielder attacks, the weapon's spirit leaps out and strikes again.
   The spirit shares a part of any damage it takes with its wielder.
   Int:       It affects your intelligence (+2).
   rElec:     It insulates you from electricity.
   MP:        It affects your magic capacity (+9).
   SInv:      It lets you see invisible.
   rCorr:     It protects you from acid and corrosion.
Missiles
 b - 2 throwing nets {!f}
 d - a curare-tipped dart
 e - 47 poisoned darts
 S - 2 atropa-tipped darts
Armour
 a - a +2 robe (worn)
 c - a +0 hat of stealth (worn)
 h - a +0 pair of gloves (worn)
 n - a +1 pair of boots (worn)
 E - a +0 troll leather armour
 I - a scarf of shadows
Magical Staves
 q - a staff of conjuration
 x - a staff of air
Jewellery
 j - a +4 ring of protection (right hand)
 k - a ring of willpower
 p - an amulet of the acrobat
 r - a ring of magical power
 s - a +6 ring of strength
 y - the ring "Inack" (left hand) {rElec rPois Will+ rCorr Dex+6}
   (You acquired it on level 2 of the Lair of Beasts)

   [ring of dexterity]

   Dex:       It affects your dexterity (+6).
   rElec:     It insulates you from electricity.
   rPois:     It protects you from poison.
   rCorr:     It protects you from acid and corrosion.
   Will:      It increases your willpower.
 z - an amulet of regeneration
 A - a ring of ice
 L - an amulet of reflection (around neck)
Wands
 f - a wand of flame (47)
 i - a wand of quicksilver (5)
 v - a wand of digging (1)
 B - a wand of polymorph (8)
 G - a wand of paralysis (14)
 K - a wand of roots (15)
 P - a wand of mindburst (13)
Scrolls
 g - 3 scrolls of identify {!d}
 l - 4 scrolls of noise
 m - 3 scrolls of vulnerability
 t - a scroll of teleportation {!d}
 F - 6 scrolls of enchant weapon
 Q - 4 scrolls of fog
 R - a scroll of torment
 X - 3 scrolls of amnesia
 Z - a scroll of enchant armour
Potions
 o - a potion of attraction
 u - 3 potions of haste {unknown}
 w - 5 potions of resistance {unknown}
 D - 2 potions of degeneration
 N - 5 potions of curing {!q!d}
 O - 3 potions of might {unknown}
 U - 4 potions of mutation {!d}
 V - a potion of cancellation {!q!d}
Miscellaneous
 J - a phantom mirror (inert)


   Skills:
 - Level 6.0 Fighting
 - Level 15.0 Dodging
 - Level 10.3 Stealth
 - Level 7.5 Spellcasting
 * Level 12.6 Conjurations
 - Level 8.0 Necromancy
 - Level 1.2 Transmutations
 * Level 13.1 Earth Magic


You had 9 spell levels left.
You knew the following spells:

 Your Spells              Type           Power      Damage    Failure   Level
a - Sandblast             Erth           100%       2d20      1%          1
b - Stone Arrow           Conj/Erth      100%       3d13      1%          3
c - Passwall              Tmut/Erth      39%        N/A       1%          2
d - Borgnjor's Vile Clut  Necr/Erth      30%        N/A       2%          5
e - Animate Dead          Necr           51%        N/A       2%          4
f - Mephitic Cloud        Conj/Pois/Air  31%        N/A       1%          3

Your spell library contained the following spells:

 Spells                   Type           Power      Damage    Failure   Level
 Iskenderun's Mystic Bla  Conj/Tloc      42%        2d10      1%          4
 Shock                    Conj/Air       100%       1d9       1%          1
 Petrify                  Tmut/Erth      47%        N/A       3%          4
 Ensorcelled Hibernation  Hex/Ice        18%        N/A       9%          2
 Anguish                  Hex/Necr       15%        N/A       12%         4
 Spider Form              Tmut/Pois      12%        N/A       14%         3
 Airstrike                Air            4%         0-3+      16%         4
 Swiftness                Air            9%         N/A       19%         3
 Death Channel            Necr           25%        N/A       32%         6
 Lehudib's Crystal Spear  Conj/Erth      33%        10d9      43%         8
 Passage of Golubria      Tloc           9%         N/A       52%         4
 Silence                  Hex/Air        4%         N/A       86%         5


Dungeon Overview and Level Annotations

Branches:
Dungeon (12/15) Zot: 24903  Temple (1/1) D:4 Zot: 5952    Lair (6/6) D:8 Zot: 24116
 Shoals (0/4) Lair:2        Snake (0/4) Lair:2        Slime (0/5) Lair:5
    Orc (2/2) D:12 Zot: 10483 Ossuary (visited)
    Elf: Orc:2

Altars:
Ashenzari
Cheibriados
Dithmenos
Elyvilon
Fedhas
Gozag
Hepliaklqana
Kikubaaqudgha
Makhleb
Nemelex Xobeh
Okawaru
Qazlal
Ru
Sif Muna
Trog
Uskayaw
Vehumet
Wu Jian
Xom
Yredelemnul
Zin
The Shining One
Jiyva

Shops:
D:9 (   D:12 [   Orc:2 [*!(

Portals:
Trove: D:10 (show abyssal rune of Zot)

Annotations:
D:4 Blork the orc
D:7 1 runed translucent door
D:10 exclusion: guardian mummy
Lair:2 exclusions: merfolk and merfolk siren
Lair:3 exclusion: lindwurm, Rupert, Sonja
Lair:5 1 runed translucent door


Message History

An orc warrior comes into view. It is wielding a +0 halberd.
The orc wizard is engulfed in blazing flames.
Vehumet accepts your kill.
You feel your power returning.
The orc wizard explodes!
Vehumet accepts your kill.
You feel your power returning.
You feel a bit more experienced.
The fiery explosion engulfs the orc priest!!
Vehumet accepts your kill.
You feel your power returning.
The fiery explosion engulfs the orc wizard!!!
You kill the orc wizard!
Vehumet accepts your kill.
You feel your power returning.
The orc priest explodes!
Vehumet accepts your kill.
You feel your power returning.
You feel a bit more experienced. The orc wizard closely misses you.
The orc sorcerer points at you and mumbles some strange words.
The bolt of negative energy hits you!!
You feel drained.
The bolt of negative energy hits the orc wizard!!
The orc wizard is drained!
Flame seeps out of the orc wizard.
The orc wizard explodes!
The fiery explosion engulfs you!!
* * * LOW HITPOINT WARNING * * *
The fiery explosion engulfs the orc priest!!
Vehumet accepts your kill.
You feel your power returning.
The orc priest explodes!
The orc sorcerer mumbles some strange words.
The orc sorcerer's hands start to glow.
An orc wizard comes into view. It is wielding a +0 dagger.
The orc priest invokes the aid of Beogh against you.
Beogh smites you!
* * * LOW HITPOINT WARNING * * *
You block the orange demon's attack.
You hear a shout!
The orc wizard shouts!
Really quaff
N - 6 potions of curing {!q!d}?
You feel better.
You are engulfed in blazing flames.
You die...

..#...# ......#
oo## 4. ###oo
...^..# #.o ...
.#.o ......#
##...#∩ o.o#
#..o.∩o ..o
...#∩#.o #.44oo
##ooo## #§..@§#
§§○§§#.#○§§....
§§§ ## #§§....
§ o....# ...##
####


You could see an orc high priest (inner flame), an orange demon (summoned), an
ice devil (summoned), 4 orc sorcerers, a red devil (summoned), 2 orc warriors, 2
orc priests, 8 orc wizards and an orc.

Vanquished Creatures
  Gastronok (D:11)
  2 boulder beetles
  3 hydras
  Erolcha (D:12)
  5 two-headed ogres
  3 death yaks
  Urug (Orc:1)
  Nergalle (Orc:1)
  Pikel (D:8)
  An orc sorcerer (Orc:1)
  2 cyclopes
  2 manticores (D:12)
  7 elephants
  2 merfolk sirens (Lair:2)
  3 black mambas
  A torpor snail (Lair:5)
  2 gargoyles (D:12)
  10 cane toads
  An unseen horror (D:11)
  7 komodo dragons
  A queen bee (Lair:1)
  2 merfolk (Lair:2)
  3 polar bears
  6 trolls
  A hornet (D:7)
  3 wyverns
  40 yaks
  3 wraiths
  A basilisk (Lair:5)
  A steam dragon (D:8)
  A swamp worm (Lair:6)
  15 water moccasins
  6 wargs
  2 acid dragons
  15 orc warriors
  A black bear (D:8)
  An ice beast (D:6)
  18 wolves
  6 ogres
  2 centaurs
  3 phantoms
  A lemure (D:8)
  3 elf zombies (Ossuary)
  10 bullfrogs
  5 kobold brigands
  2 gnoll sergeants
  4 necrophages
  8 scorpions
  7 wights
  35 killer bees
  An electric eel (Lair:2)
  A howler monkey (D:6)
  A centaur zombie (Ossuary)
  3 jellies
  A hound (D:4)
  A human zombie (Ossuary)
  14 orc priests
  A gnoll bouda (D:8)
  3 iguanas
  16 orc wizards
  7 hell rats (Lair:5)
  A statue (D:8)
  2 mummies (Ossuary)
  18 gnolls
  8 adders
  3 white imps
  2 ufetubi (D:6)
  2 adder zombies (Ossuary)
  4 worms
  A dart slug (D:5)
  58 orcs
  4 bats
  5 endoplasms
  5 giant cockroaches
  3 goblins
  6 hobgoblins
  6 jackals
  25 kobolds
  4 quokkas
  6 ball pythons (D:1)
  A frilled lizard (D:3)
  A goblin zombie (Ossuary)
  9 hobgoblin zombies (Ossuary)
  4 jackal zombies (Ossuary)
  8 kobold zombies (Ossuary)
  8 orc zombies (Ossuary)
  10 rats
515 creatures vanquished.

Vanquished Creatures (others)
  An orc wizard (Orc:2)
  A bush (Lair:1)
  15 fungi
  30 plants
  7 withered plants (Lair:6)
54 creatures vanquished.

Grand Total: 569 creatures vanquished

Notes
Turn   | Place    | Note
-------+----------+-------------------------------------------
     0 | D:1      | buhh the Deep Elf Earth Elementalist began the quest for
                  | the Orb.
     0 | D:1      | Reached XP level 1. HP: 10/10 MP: 6/6
   102 | D:1      | Found a faded altar of an unknown god.
   125 | D:1      | Reached XP level 2. HP: 15/15 MP: 1/8
   979 | D:2      | Reached XP level 3. HP: 19/19 MP: 8/10
  1806 | D:3      | Reached XP level 4. HP: 24/24 MP: 9/12
  2276 | D:3      | Found a sacrificial altar of Ru.
  2283 | D:3      | Found a bloodstained altar of Trog.
  2398 | D:3      | Learned a level 3 spell: Stone Arrow
  2432 | D:4      | Noticed Blork the orc
  2556 | D:4      | Found a sparkling altar of Nemelex Xobeh.
  2561 | D:4      | Found a glowing golden altar of the Shining One.
  2562 | D:4      | Noticed a phantom
  2569 | D:4      | Killed a phantom
  2570 | D:4      | Reached XP level 5. HP: 28/28 MP: 9/14
  2625 | D:4      | Reached XP level 6. HP: 32/32 MP: 8/16
  3511 | D:4      | Found a staircase to the Ecumenical Temple.
  3580 | Temple   | Entered the Ecumenical Temple
  3580 | Temple   | Found a transporter.
  3580 | Temple   | Found a transporter.
  3582 | Temple   | Found a transporter.
  3582 | Temple   | Found a transporter.
  3845 | D:5      | Entered Level 5 of the Dungeon
  4152 | D:5      | Noticed an orc warrior
  4564 | D:5      | You fall into a shaft and drop 1 floor!
  4698 | D:6      | Reached XP level 7. HP: 36/36 MP: 14/18
  4802 | D:6      | Learned a level 2 spell: Passwall
  4896 | D:6      | Found a sand-covered staircase.
  4900 | Ossuary  | Entered an ossuary
  6152 | D:6      | Reached XP level 8. HP: 41/41 MP: 14/21
  6185 | D:6      | Reached skill level 3 in Dodging
  6506 | D:6      | Reached skill level 4 in Dodging
  7063 | D:7      | Reached skill level 5 in Dodging
  7776 | D:7      | Found a blossoming altar of Fedhas.
  7785 | D:7      | Reached XP level 9. HP: 45/45 MP: 15/22
  7893 | D:7      | Reached skill level 6 in Dodging
  8024 | D:7      | Paralysed by a hornet for 1 turns
  8296 | D:7      | Found a burning altar of Makhleb.
  8326 | D:7      | Found a runed translucent door.
  8330 | D:7      | Noticed a sixfirhy
  8914 | D:5      | Reached skill level 7 in Dodging
  9885 | D:8      | Found a staircase to the Lair.
 10229 | D:8      | Noticed a two-headed ogre
 10276 | D:8      | Identified the +10 long sword "Jeeshrirgh" {spect, rElec
                  | rCorr MP+9 Int+2 SInv}
 10597 | D:8      | Reached skill level 8 in Dodging
 11241 | D:8      | Found a radiant altar of Vehumet.
 11248 | D:8      | Became a worshipper of Vehumet
 11327 | D:8      | Reached XP level 10. HP: 50/50 MP: 23/23
 11399 | D:8      | Noticed Pikel
 11404 | D:8      | Killed Pikel
 11405 | D:8      | Reached skill level 9 in Dodging
 11628 | D:8      | Killed a two-headed ogre
 11899 | D:9      | Reached skill level 10 in Dodging
 12533 | D:9      | Found an opulent altar of Gozag.
 12544 | D:9      | Found Itwenyr's Weapon Emporium.
 12693 | D:9      | Reached skill level 11 in Dodging
 12777 | D:9      | Found an ornate altar of the Wu Jian Council.
 12853 | D:10     | Entered Level 10 of the Dungeon
 12954 | D:10     | Noticed a two-headed ogre
 12960 | D:10     | Killed a two-headed ogre
 12961 | D:10     | Reached skill level 12 in Dodging
 13230 | D:10     | Reached * piety under Vehumet
 13230 | D:10     | Offered knowledge of Freeze by Vehumet.
 13862 | D:10     | Found a portal to a secret trove of treasure.
 14168 | D:11     | Reached XP level 11. HP: 54/54 MP: 24/24
 14421 | D:11     | Noticed a boulder beetle
 14435 | D:11     | Killed a boulder beetle
 14436 | D:11     | Reached skill level 13 in Dodging
 14731 | D:11     | Noticed Gastronok
 14841 | Lair:1   | Entered Level 1 of the Lair of Beasts
 14964 | Lair:1   | Learned a level 5 spell: Borgnjor's Vile Clutch
 15613 | Lair:1   | Offered knowledge of Searing Ray by Vehumet.
 15614 | Lair:1   | Reached ** piety under Vehumet
 15619 | Lair:1   | Reached skill level 14 in Dodging
 15791 | Lair:2   | Noticed a six-headed hydra
 15915 | Lair:2   | Learned a level 4 spell: Animate Dead
 16029 | Lair:2   | Found a staircase to the Shoals.
 16808 | Lair:2   | Found a staircase to the Snake Pit.
 16913 | Lair:2   | Killed a six-headed hydra
 17199 | Lair:2   | Identified a scroll of acquirement
 17199 | Lair:2   | Acquired the ring "Inack" {rElec rPois Will+ rCorr Dex+6}
 17256 | Lair:3   | You fall into a shaft and drop 2 floors!
 17423 | Lair:4   | Reached XP level 12. HP: 61/61 MP: 25/25
 17503 | Lair:4   | Reached skill level 15 in Dodging
 17862 | Lair:4   | Noticed an eight-headed hydra
 17910 | Lair:3   | Offered knowledge of Mephitic Cloud by Vehumet.
 17915 | Lair:3   | Learned a level 3 spell: Mephitic Cloud
 17984 | Lair:3   | Noticed Rupert
 18290 | Lair:3   | Noticed Sonja
 18446 | Lair:4   | Reached *** piety under Vehumet
 18729 | Lair:4   | Killed an eight-headed hydra
 19255 | Lair:5   | Found a runed translucent door.
 19256 | Lair:5   | Found a viscous altar of Jiyva.
 19256 | Lair:5   | Noticed a death yak
 19700 | Lair:6   | Entered Level 6 of the Lair of Beasts
 19704 | Lair:6   | Offered knowledge of Olgreb's Toxic Radiance by Vehumet.
 19923 | Lair:6   | Noticed a catoblepas
 20102 | Lair:5   | Noticed a death yak
 20537 | Lair:6   | Noticed an eight-headed hydra
 20561 | Lair:6   | Killed an eight-headed hydra
 20876 | Lair:6   | Reached XP level 13. HP: 63/72 MP: 6/26
 21219 | Lair:5   | Found a staircase to the Slime Pits.
 21228 | Lair:4   | Reached **** piety under Vehumet
 21409 | Lair:5   | Reached skill level 11 in Earth Magic
 21517 | Lair:5   | Identified the +1 scale mail of the Snail {Rampage rF-
                  | Will+++}
 21987 | Lair:6   | Offered knowledge of Iskenderun's Battlesphere by Vehumet.
 22876 | D:11     | Killed Gastronok
 23576 | D:12     | Reached skill level 11 in Conjurations
 23991 | D:12     | Found Belecu's Antique Armour Emporium.
 24082 | D:12     | Noticed Erolcha
 24087 | D:12     | Killed Erolcha
 24549 | D:12     | Reached ***** piety under Vehumet
 24917 | D:12     | Offered knowledge of Iskenderun's Mystic Blast by Vehumet.
 24925 | D:12     | Found a staircase to the Orcish Mines.
 25205 | Orc:1    | Entered Level 1 of the Orcish Mines
 25748 | Orc:1    | Noticed Urug
 25756 | Orc:1    | Killed Urug
 26122 | Orc:1    | Noticed Nergalle
 26570 | Orc:1    | Killed Nergalle
 26888 | Orc:2    | Entered Level 2 of the Orcish Mines
 26891 | Orc:2    | Found Plog's Armour Boutique.
 27090 | Orc:2    | Found Xiatobba's Weapon Shop.
 27090 | Orc:2    | Found Deop's Assorted Antiques.
 27090 | Orc:2    | Found Murcheino's Distillery.
 27095 | Orc:2    | Engulfed by a cloud of flame

Illustrated notes

Levels and vault maps discovered:
D:1:      shiori_shiawase, layout_basic, chequers_ecumenical_altar_simple
D:2:      layout_loops_ring, minmay_strange_pillars
D:3:      layout_rooms, amethyst_overflow_temple_binary
D:4:      layout_basic, mainiacjoe_overflow_catwalk_spiral,
          minmay_temple_entry_steel_oval, minivault_25, uniq_blork_the_orc
D:5:      minmay_recursive_quarters, layout_loops_cross, dk_noncrumbling_3,
          chequers_serial_rivers_micro_d, kennysheep_crisscross
D:6:      layout_rooms, enter_ossuary_5
D:7:      cheibrodos_shockbox, layout_rooms, fedhas_altar_2,
          lemuel_doored_altar, corexii_hall_statues_l
D:8:      layout_basic, vehumet_statue, dpeg_oklobed_lair, uniq_pikel
D:9:      layout_rooms, nicolae_gozag_seed_capital, nzn_wu_jian_contemplation,
          serial_shops, nicolae_shop_temple_entry_statues_fountains
D:10:     layout_small_grid, nicolae_trove_entry_path_of_doom
D:11:     layout_basic, uniq_gastronok
D:12:     layout_roguey, david_orc_5, serial_shops, nicolae_diamond_shop,
          nooodl_orcs_dogs, uniq_erolcha
Temple:   hellmonk_temple_divided_pantheon
Lair:1:   layout_long_grid, special_room [special_room_bee],
          serial_bayou_shore_b, infiniplex_staircase_pool_2, grunt_megastairs_4,
          serial_bayou_shore_a
Lair:2:   layout_gridlike, elwin_shoals_entry_stream, dummy_snake_entry,
          st_stairs_4, grunt_megastairs_3
Lair:3:   layout_regular_city, grunt_megastairs_1, lemuel_fruit_tree,
          uniq_rupert, uniq_sonja
Lair:4:   wander_river, layout_regular_city
Lair:5:   statuecave_lemuel, layout_regular_city, slime_entry_2
Lair:6:   due_jungle_book, layout_big_grid, worms_lemuel, grunt_megastairs_2
Orc:1:    layout_caves, hellmonk_bongcloud_opening, uniq_nergalle, uniq_urug
Orc:2:    st_orc_mages, layout_caves, serial_shops, shop

Skill      XL: |  1  2  3  4  5  6  7  8  9 10 11 12 13 |
---------------+----------------------------------------+-----
Conjurations   | 1 2 3 4 5 6 7 10 12 | 12.6
Spellcasting   | 4 5 6 7 |  7.5
Earth Magic    | 4 5 6 7 8 10 13 | 13.1
Dodging        | 5 8 12 14 15 | 15.0
Stealth        | 6 9 10 | 10.3
Necromancy     | 2 8 |  8.0
Fighting       | 1 5 6 |  6.0
Transmutations | |  1.2

Action                   |  1- 3 |  4- 6 |  7- 9 | 10-12 | 13-15 || total
-------------------------+-------+-------+-------+-------+-------++-------
Melee: Unarmed           |     2 |     4 |   116 |       |       ||   122
       Punch             |       |       |     2 |       |       ||     2
       Staff             |       |       |    24 |       |       ||    24
       Long sword        |       |       |     9 |    12 |    13 ||    34
 Cast: Sandblast         |    54 |    22 |       |       |       ||    76
       Stone Arrow       |       |    37 |   199 |   369 |   299 ||   904
       Borgnjor's Vile C |       |       |       |    10 |    11 ||    21
       Mephitic Cloud    |       |       |       |     1 |     5 ||     6
Evoke: Wand              |       |     6 |     1 |       |     2 ||     9
       Phantom mirror    |       |       |       |       |     1 ||     1
  Use: Potion            |       |     3 |     2 |     1 |     7 ||    13
       Scroll            |       |    12 |     3 |    13 |     4 ||    32
Armor: Robe              |     2 |    10 |    53 |    33 |    12 ||   110
       Skin              |       |       |    25 |       |       ||    25
Dodge: Dodged            |     8 |    40 |   110 |   211 |   137 ||   506
Block: Other             |       |       |       |    40 |    35 ||    75
       Reflection        |       |       |       |       |     2 ||     2

Table legend: (Time is in decaauts)
 A = Elapsed time spent in this place.
 B = Non-inter-level travel time spent in this place.
 C = Inter-level travel time spent in this place.
 D = Time resting spent in this place.
 E = Time spent auto-exploring this place.
 F = Levels seen in this place.
 G = Mean time per level.
                   A        B        C        D        E       F      G
               +--------+--------+--------+--------+--------+-----+--------+
         Total |  27231 |  25945 |   1286 |   4021 |  17683 |  22 | 1237.8 |
       Dungeon |  16744 |  15734 |   1010 |   2822 |  10530 |  12 | 1395.3 |
        Temple |     47 |     47 |      0 |      0 |      7 |   1 |   47.0 |
          Lair |   7758 |   7517 |    241 |    781 |   5407 |   6 | 1293.0 |
  Orcish Mines |   1516 |   1482 |     34 |    418 |    801 |   2 |  758.0 |
       Ossuary |   1164 |   1164 |      0 |      0 |    938 |   1 | 1164.0 |
               +--------+--------+--------+--------+--------+-----+--------+

Top non-repeatable levels by time:
     D:8: 2298 daAuts
    D:12: 2096 daAuts
  Lair:5: 1943 daAuts
     D:4: 1679 daAuts
     D:5: 1620 daAuts
  Lair:4: 1619 daAuts
    D:11: 1606 daAuts
     D:7: 1526 daAuts
   Orc:1: 1444 daAuts
  Lair:2: 1388 daAuts
     D:6: 1377 daAuts
    D:10: 1254 daAuts
  Lair:6: 1252 daAuts
 Ossuary: 1164 daAuts
  Lair:1: 1086 daAuts
